 Dungeon Crawl Stone Soup version 0.27-a0-1347-gd8886f0a89 (webtiles) character file.

Game seed: 15974589632984963089

122 funkygono the Gusty (level 5, -2/28 HPs)
             Began as a Tengu Air Elementalist on June 27, 2021.
             Slain by a wight (4 damage)
             ... on level 4 of the Dungeon.
             The game lasted 00:05:58 (3790 turns).

funkygono the Gusty (Tengu Air Elementalist)        Turns: 3790, Time: 00:05:59

Health: -2/28      AC:  2    Str:  8    XL:     5   Next: 6%
Magic:  3/10       EV: 19    Int: 16    God:
Gold:   81         SH:  0    Dex: 15    Spells: 3/9 levels left

rFire    . . .     SeeInvis .   g - +1 whip
rCold    . . .     Faith    .   (no shield)
rNeg     . . .     Spirit   .   a - +0 robe
rPois    .         Reflect  .   (helmet restricted)
rElec    .         Harm     .   (no cloak)
rCorr    .         Rampage  .   (no gloves)
Will     .....                  (boots unavailable)
Stlth    ++........             (no amulet)
HPRegen  0.09/turn              c - +4 ring of evasion
MPRegen  0.12/turn              (no ring)

@: flying quickly and evasively, quick
A: beak, talons 3, nimble flight
a: no special abilities


You were on level 4 of the Dungeon.
You visited 1 branch of the dungeon, and saw 4 of its levels.

You collected 81 gold pieces.

Inventory:

Hand Weapons
 b - a +0 club
 g - a +1 whip (weapon)
Missiles
 l - a throwing net
Armour
 a - a +0 robe (worn)
Jewellery
 c - a +4 ring of evasion (left hand)
 i - a +6 ring of dexterity
Potions
 h - a potion of flight
 k - a potion of curing {unknown}


   Skills:
 + Level 0.5 Fighting
 + Level 0.9 Maces & Flails
 + Level 2.5 Dodging
 - Level 2.0 Stealth
 + Level 2.9 Spellcasting
 + Level 2.9 Conjurations
 + Level 5.4 Air Magic


You had 3 spell levels left.
You knew the following spells:

 Your Spells              Type           Power      Damage    Failure   Level
a - Shock                 Conj/Air       60%        1d6       3%          1
b - Static Discharge      Conj/Air       15%        N/A       4%          2
c - Swiftness             Air            19%        N/A       6%          3

Your spell library contained the following spells:

 Spells                   Type           Power      Damage    Failure   Level
 Airstrike                Air            9%         N/A       21%         4
 Lightning Bolt           Conj/Air       7%         1d20      67%         5


Dungeon Overview and Level Annotations

Branches:
Dungeon (4/15)
 Temple: D:4-7

Altars:

Shops:
D:3 (


Innate Abilities, Weirdness & Mutations

You have a beak for a mouth.
You have claws for feet.
Your magical nature lets you fly swiftly and evasively.


Message History

Confirm with . or Enter, or press ? or * to list all spells.
Aiming: Shock (safe; 3% risk of failure)
Press: ? - help, Shift-Dir - straight line, f/p - wight
Aim: a wight, wielding a +4 great sword of freezing and wearing a +0 robe (moderately damaged, 71% to hit)
The zap hits the wight.
The wight is heavily damaged.
The zap misses the wight.
The wight misses you.
Casting: Shock (safe; 3% risk of failure)
Confirm with . or Enter, or press ? or * to list all spells.
Aiming: Shock (safe; 3% risk of failure)
Press: ? - help, Shift-Dir - straight line, f/p - wight
Aim: a wight, wielding a +4 great sword of freezing and wearing a +0 robe (heavily damaged, 71% to hit)
The zap hits the wight.
The wight is severely damaged.
The zap hits the wight.
The wight is heavily damaged.
The wight closely misses you.
Casting: Shock (safe; 3% risk of failure)
Confirm with . or Enter, or press ? or * to list all spells.
Aiming: Shock (safe; 3% risk of failure)
Press: ? - help, Shift-Dir - straight line, f/p - wight
Aim: a wight, wielding a +4 great sword of freezing and wearing a +0 robe (severely damaged, 71% to hit)
The zap hits the wight.
The wight is almost destroyed.
The zap hits the wight.
The wight is heavily damaged.
The wight misses you.
Casting: Shock (safe; 3% risk of failure)
Confirm with . or Enter, or press ? or * to list all spells.
Aiming: Shock (safe; 3% risk of failure)
Press: ? - help, Shift-Dir - straight line, f/p - wight
Aim: a wight, wielding a +4 great sword of freezing and wearing a +0 robe (almost destroyed, 71% to hit)
The zap hits the wight but does no damage.
The wight is almost destroyed.
The zap misses the wight.
The wight hits you with a +4 great sword of freezing!
Ouch! That really hurt!
* * * LOW HITPOINT WARNING * * *
The wight freezes you.
You die...

#######.####.#.#
.)...........#.#
########.#####.######
#.........#....###
#.#.........##.#.##
#.#...#######.....#
#.#............#.##
#..<#.#######.##.##
#......@zz........#
#...#######...#####
#.#.... #.......#
###.##.####..##.###
...........# .#
#.###.####.# #
#.###.####.#
#..z.z.....#
#.####.##.######


You could see 2 wights.

Vanquished Creatures
  A water moccasin skeleton (D:4)
  An adder (D:2)
  2 worms
  A dart slug (D:3)
  3 orcs (D:3)
  5 ball pythons
  5 endoplasms
  2 giant cockroaches (D:3)
  7 goblins
  3 hobgoblins
  3 jackals (D:1)
  A quokka (D:2)
  6 bats
  6 frilled lizards
  2 kobolds
  5 rats
53 creatures vanquished.

Notes
Turn   | Place    | Note
-------+----------+-------------------------------------------
     0 | D:1      | funkygono the Tengu Air Elementalist began the quest for
                  | the Orb.
     0 | D:1      | Reached XP level 1. HP: 10/10 MP: 4/4
     2 | D:1      | Noticed a troll
     2 | D:1      | Noticed a ghoul
     4 | D:1      | Noticed a felid
     6 | D:1      | Noticed a minotaur
     6 | D:1      | Noticed a vampire
     8 | D:1      | Noticed a naga
    10 | D:1      | Noticed a spriggan
    10 | D:1      | Noticed a demonspawn
    12 | D:1      | Noticed a dwarf
    12 | D:1      | Noticed an elf
    14 | D:1      | Noticed a djinni
    14 | D:1      | Noticed a demigod
    16 | D:1      | Noticed a merfolk
    16 | D:1      | Noticed a draconian
    18 | D:1      | Noticed a vine stalker
    20 | D:1      | Noticed an ogre
    20 | D:1      | Noticed a human
    22 | D:1      | Noticed an octopode
    22 | D:1      | Noticed a tengu
    24 | D:1      | Noticed a formicid
    24 | D:1      | Noticed a gargoyle
    26 | D:1      | Noticed a palentonga
    26 | D:1      | Noticed a barachi
   489 | D:1      | Reached XP level 2. HP: 15/15 MP: 3/6
   649 | D:1      | Found a faded altar of an unknown god.
   653 | D:1      | Learned a level 2 spell: Static Discharge
  1396 | D:2      | Reached XP level 3. HP: 10/19 MP: 1/7
  1482 | D:2      | Learned a level 3 spell: Swiftness
  1772 | D:2      | Reached skill level 5 in Air Magic
  2494 | D:3      | Found Aduuc's Weapon Boutique.
  2535 | D:3      | Reached XP level 4. HP: 24/24 MP: 2/8
  3439 | D:4      | HP: 1/24 [water moccasin skeleton (1)]
  3443 | D:4      | Gained mutation: Your magical nature lets you fly swiftly
                  | and evasively. [Tengu growth]
  3443 | D:4      | Reached XP level 5. HP: 2/28 MP: 4/10
  3790 | D:4      | Slain by a wight

Illustrated notes

Levels and vault maps discovered:
D:1:      kb_arrival_jail, layout_loops_corners,
          hellmonk_ecumenical_altar_dog_temple
D:2:      layout_basic, serial_glass, glass_columns_a, glass_columns_a,
          glass_columns_a, glass_columns_c
D:3:      layout_rooms, portal_sewer_entry_b, serial_shops, shop,
          corexii_item_surrounded_by_moat
D:4:      layout_basic

Skill      XL: |  1  2  3 |
---------------+----------+-----
Air Magic      | 5 |  5.4
Conjurations   | 2 |  2.9
Fighting       | |  0.5
Maces & Flails | |  0.9
Dodging        | |  2.5
Stealth        | |  2.0
Spellcasting   | |  2.9

Action                   |  1- 3 |  4- 6 || total
-------------------------+-------+-------++-------
Melee: Club              |    22 |       ||    22
       Peck              |     1 |     5 ||     6
       Kick              |     1 |     3 ||     4
       Whip              |       |    26 ||    26
 Cast: Shock             |    76 |    31 ||   107
  Use: Scroll            |     3 |     3 ||     6
       Potion            |       |     1 ||     1
Armor: Robe              |     5 |     1 ||     6
Dodge: Dodged            |    19 |    18 ||    37

Table legend: (Time is in decaauts)
 A = Elapsed time spent in this place.
 B = Non-inter-level travel time spent in this place.
 C = Inter-level travel time spent in this place.
 D = Time resting spent in this place.
 E = Time spent auto-exploring this place.
 F = Levels seen in this place.
 G = Mean time per level.
                   A        B        C        D        E       F      G
               +--------+--------+--------+--------+--------+-----+--------+
         Total |   3791 |   3705 |     86 |     98 |   3104 |   4 |  947.8 |
       Dungeon |   3791 |   3705 |     86 |     98 |   3104 |   4 |  947.8 |
               +--------+--------+--------+--------+--------+-----+--------+

Top non-repeatable levels by time:
     D:2: 1180 daAuts
     D:1: 1172 daAuts
     D:3: 1061 daAuts
     D:4: 376 daAuts
